 Dungeon Crawl Stone Soup version 0.32-a0-933-ga8fa3634e4 (webtiles) character file.

Game seed: 1193691772663335765

79 KennySheep the Charlatan (level 4, -6/33 HPs)
             Began as a Formicid Artificer on Apr 14, 2024.
             Killed from afar by an orc wizard (8 damage)
             ... with a puff of flame
             ... on level 3 of the Dungeon.
             The game lasted 00:11:13 (1525 turns).

KennySheep the Charlatan (Formicid Artificer)       Turns: 1525, Time: 00:11:13

Health: -6/33      AC:  9    Str: 16    XL:     4   Next: 62%
Magic:  4/4        EV:  7    Int: 11    God:
Gold:   66         SH:  0    Dex: 16    Spells: 3/3 levels left

rFire   . . .        f - +0 whip
rCold   . . .        (no shield)
rNeg    . . .        g - +0 chain mail
rPois   .            (helmet unavailable)
rElec   .            (no cloak)
rCorr   .            (no gloves)
SInv    +            (no boots)
Will    .....        (no amulet) Stlth
                     (no ring)
HPRegen 0.25/turn    (no ring)
MPRegen 0.09/turn

%: no passive effects
@: lethally poisoned (-6 -> -8)
A: permanent stasis, dig shafts and tunnels, antennae 3, four strong arms
a: Dig, Shaft Self


You were on level 3 of the Dungeon.
You visited 1 branch of the dungeon, and saw 3 of its levels.

You collected 66 gold pieces.

Inventory:

Hand Weapons
 a - a +0 club
 f - a +0 whip (weapon)
Missiles
 h - 6 curare-tipped darts
Armour
 b - a +0 leather armour
 g - a +0 chain mail (worn)
Wands
 c - a wand of flame (15) (quivered)
 d - a wand of charming (14)
 e - a wand of iceblast (5)
Scrolls
 i - a scroll of teleportation
 j - 2 scrolls of identify


   Skills:
 + Level 2.1 Fighting
 + Level 2.9 Armour
 + Level 1.7 Dodging
 + Level 2.5 Stealth
 + Level 3.9 Evocations


You had 3 spell levels left.
You didn't know any spells.
Your spell library was empty.

Dungeon Overview and Level Annotations

Branches:
Dungeon (3/15)

Altars:

Portals:
Sewer: D:3


Innate Abilities, Weirdness & Mutations

You cannot be hasted, slowed, berserked, paralysed or teleported.
You can dig through walls and to a lower floor.
You have a pair of large antennae on your head. (SInv)
Your four strong arms can wield two-handed weapons with a shield.


Message History

The orc closely misses you.
The orc wizard hits you but does no damage.
You feel very sick. The orc hits you but does no damage.
You feel sick. The orc attacks as it pursues you!
The orc hits you with a +1 hand axe of venom.
You closely miss the orc.
You feel sick. The orc hits you but does no damage.
You are more poisoned.
You hit the orc.
The orc is severely wounded.
You feel very sick. The orc closely misses you.
You closely miss the orc.
The orc is severely wounded.
You feel very sick. The orc barely misses you.
You closely miss the orc wizard.
The orc wizard is lightly wounded.
You feel very sick. The orc wizard closely misses you.
You hit the orc wizard.
The orc wizard is moderately wounded.
You feel sick. The orc wizard barely misses you.
You hit the orc wizard.
The orc wizard is heavily wounded.
You feel sick.
The orc wizard points at you and mumbles some strange words.
The magic dart hits you.
* * * LOW HITPOINT WARNING * * *
You aren't carrying any potions.
Unknown command.
* * * LOW HITPOINT WARNING * * *
You feel sick.
The orc wizard attacks as it pursues you!
The orc wizard hits you but does no damage.
* * * LOW HITPOINT WARNING * * *
You feel sick.
The orc wizard points at you and mumbles some strange words.
The puff of flame hits you!
You die...

# ############ #.#
#.........<#
#.#.#.######@#.#
........ooo..#.#
##.##..o###.#.#
#####........).#.#.#
.....................
##?...##+##.#......##
......#BSS#....##...#
.?....#~BB#.#..# #..#
......#~∩~#....# ...


You could see an orc wizard (invisible) and 3 orcs.

Vanquished Creatures
  2 adders (D:2)
  A dart slug (D:2)
  A ribbon worm (D:2)
  4 bats
  8 endoplasms
  A giant cockroach (D:1)
  4 hobgoblins
  4 jackals (D:2)
  3 ball pythons
  A frilled lizard (D:1)
  6 goblins
  4 kobolds (D:1)
  3 rats
42 creatures vanquished.

Vanquished Creatures (collateral kills)
  An adder (D:2)
  A goblin (D:2)
2 creatures vanquished.

Vanquished Creatures (others)
  An adder (D:2)
1 creature vanquished.

Grand Total: 45 creatures vanquished

Notes
Turn   | Place    | Note
-------+----------+-------------------------------------------
     0 | D:1      | KennySheep the Formicid Artificer began the quest for the
                  | Orb.
     0 | D:1      | Reached XP level 1. HP: 15/15 MP: 1/1
   109 | D:1      | Reached skill level 1 in Dodging
   181 | D:1      | Reached XP level 2. HP: 21/21 MP: 2/2
   489 | D:1      | Reached XP level 3. HP: 26/26 MP: 3/3
   899 | D:2      | Reached XP level 4. HP: 25/33 MP: 4/4
  1496 | D:3      | Found a glowing drain.
  1525 | D:3      | Killed from afar by an orc wizard

Illustrated notes

Levels and vault maps discovered:
D:1:      ncdulo_lavacross, layout_basic
D:2:      layout_basic, minivault_24
D:3:      layout_basic, lemuel_doored_altar, gup_sewer_entry_glass,
          uniq_crazy_yiuf_cottage

Skill      XL: |  1  2  3  4 |
---------------+-------------+-----
Dodging        | 1 |  1.7
Stealth        | 2 |  2.5
Fighting       | 2 |  2.1
Armour         | |  2.9
Evocations     | |  3.9

Action                     |  1- 3 |  4- 6 || total
---------------------------+-------+-------++-------
  Melee: Whip              |   100 |   101 ||   201
         Club              |     9 |       ||     9
  Evoke: Wand              |     1 |       ||     1
    Use: Potion            |       |     2 ||     2
         Scroll            |       |     1 ||     1
 Armour: Leather armour    |     5 |       ||     5
         Chain mail        |    78 |    92 ||   170
  Dodge: Dodged            |    41 |    54 ||    95

Table legend: (Time is in decaauts)
 A = Elapsed time spent in this place.
 B = Non-inter-level travel time spent in this place.
 C = Inter-level travel time spent in this place.
 D = Time resting spent in this place.
 E = Time spent auto-exploring this place.
 F = Levels seen in this place.
 G = Mean time per level.
                   A        B        C        D        E       F      G
               +--------+--------+--------+--------+--------+-----+--------+
         Total |   1546 |   1503 |     43 |     55 |    952 |   3 |  515.3 |
       Dungeon |   1546 |   1503 |     43 |     55 |    952 |   3 |  515.3 |
               +--------+--------+--------+--------+--------+-----+--------+

Top non-repeatable levels by time:
     D:2: 766 daAuts
     D:1: 746 daAuts
     D:3: 34 daAuts
